 Dungeon Crawl Stone Soup version 0.30-a0-364-gf6b3ef1049 (webtiles) character file.

Game seed: 1724344191923352431

294 HoaS the Skirmisher (level 6, -1/35 HPs)
             Began as a Kobold Hunter on Nov 15, 2022.
             Killed by nerve-wracking pain
             ... invoked by Grinder
              (14 damage)
             ... on level 3 of the Dungeon.
             The game lasted 00:05:17 (2481 turns).

HoaS the Skirmisher (Kobold Hunter)                 Turns: 2481, Time: 00:05:18

Health: -1/35      AC:  5    Str:  8    XL:     6   Next: 60%
Magic:  6/6        EV: 14    Int: 10    God:
Gold:   77         SH:  0    Dex: 21    Spells: 5/5 levels left

rFire   + . .      SeeInvis .    a - +0 shortbow
rCold   . . .      Faith    .    (shield currently unavailable)
rNeg    . . .      Spirit   .    j - +2 leather armour {rF+}
rPois   .          Reflect  .    (no helmet)
rElec   .          Harm     .    (no cloak)
rCorr   .          Rampage  .    (no gloves)
Will    .....                    (no boots)
Stlth   +++.......               (no amulet)
HPRegen 0.25/turn                (no ring)
MPRegen 0.10/turn                (no ring)

@: mighty, studying Ranged Weapons
A: small, no large weapons, nightstalker 3
a: no special abilities


You were on level 3 of the Dungeon.
You visited 1 branch of the dungeon, and saw 3 of its levels.

You collected 77 gold pieces.

Inventory:

Hand Weapons
 a - a +0 shortbow (weapon)
Armour
 j - a +2 leather armour of fire resistance (worn)
Scrolls
 b - a scroll of immolation
Potions
 c - a potion of curing {unknown}
 d - a potion of might
 g - 3 potions of attraction
 i - 3 potions of heal wounds {unknown}


   Skills:
 - Level 2.1 Fighting
 + Level 11.8 Ranged Weapons
 - Level 2.4 Dodging
 - Level 1.3 Stealth


You had 5 spell levels left.
You didn't know any spells.
Your spell library contained the following spells:

 Spells                   Type           Power      Damage    Failure   Level
 Summon Small Mammal      Summ           0%         N/A       50%         1
 Call Canine Familiar     Summ           0%         N/A       86%         3
 Portal Projectile        Hex/Tloc       0%         N/A       86%         3
 Summon Guardian Golem    Hex/Summ       0%         N/A       86%         3
 Tukima's Dance           Hex            0%         N/A       86%         3
 Blade Hands              Tmut           0%         N/A       100%        5


Dungeon Overview and Level Annotations

Branches:
Dungeon (3/15)

Altars:

Annotations:
D:3 Grinder


Innate Abilities, Weirdness & Mutations

You are small and have problems with some larger weapons.
You are completely attuned to the shadows.


Message History

You kill the goblin!
No target in view!
No target in view!
Grinder comes into view.
Found a robe.
Grinder gestures at you. Pain shoots through your body!
Grinder is nearby!
You shoot an arrow. The arrow hits Grinder.
Grinder is lightly wounded.
You feel very mighty all of a sudden.
You shoot an arrow.
The arrow hits Grinder but does no damage.
Grinder is lightly wounded.
You shoot an arrow.
The arrow hits Grinder but does no damage.
Grinder is lightly wounded.
You shoot an arrow. The arrow hits Grinder.
Grinder is lightly wounded.
Grinder hits you.
You writhe in agony.
You shoot an arrow. The arrow barely misses Grinder.
Grinder misses you.
You shoot an arrow. The arrow hits Grinder.
Grinder is moderately wounded.
Grinder closely misses you.
You shoot an arrow. The arrow closely misses Grinder.
Grinder barely misses you.
You shoot an arrow. The arrow hits Grinder!
Grinder is heavily wounded.
Grinder misses you.
You shoot an arrow. The arrow closely misses Grinder.
Grinder hits you!
You writhe in agony.
You are too injured to fight recklessly!
You are too injured to fight recklessly!
You are too injured to fight recklessly!
You shoot an arrow.
The arrow hits Grinder but does no damage.
Grinder is heavily wounded.
Grinder gestures at you. Pain shoots through your body!
You die...

###################
..............#
..............#
...##.........#
.#......#†########...
...........#.....#)..
)##..................
.....................
................@5...
.##........)........[
..#..................
#.#..................
#.................#.#
#.#........#.....#
......... #.##.... #
#.##...#..


You could see Grinder.

Vanquished Creatures
  A howler monkey (D:3)
  An iguana (D:3)
  2 orc wizards (D:3)
  A gnoll (D:1)
  7 adders
  2 dart slugs (D:2)
  10 orcs
  2 endoplasms
  2 giant cockroaches
  7 hobgoblins
  15 jackals
  6 quokkas
  8 ball pythons
  7 bats
  5 frilled lizards
  7 goblins
  5 kobolds
  2 rats
90 creatures vanquished.

Notes
Turn   | Place    | Note
-------+----------+-------------------------------------------
     0 | D:1      | HoaS the Kobold Hunter began the quest for the Orb.
     0 | D:1      | Reached XP level 1. HP: 12/12 MP: 1/1
    75 | D:1      | Reached skill level 6 in Ranged Weapons
    75 | D:1      | Reached XP level 2. HP: 17/17 MP: 2/2
   291 | D:1      | Reached XP level 3. HP: 21/21 MP: 3/3
   802 | D:2      | Identified a scroll of acquirement
   802 | D:2      | Acquired a manual of Ranged Weapons
   908 | D:2      | Reached skill level 7 in Ranged Weapons
   951 | D:2      | Reached XP level 4. HP: 23/26 MP: 4/4
  1134 | D:2      | Reached skill level 8 in Ranged Weapons
  1842 | D:3      | Reached skill level 9 in Ranged Weapons
  1842 | D:3      | Reached XP level 5. HP: 29/30 MP: 5/5
  1952 | D:3      | Reached skill level 10 in Ranged Weapons
  2082 | D:3      | Reached skill level 11 in Ranged Weapons
  2082 | D:3      | Reached XP level 6. HP: 35/35 MP: 6/6
  2336 | D:3      | Found a faded altar of an unknown god.
  2470 | D:3      | Noticed Grinder
  2481 | D:3      | Killed from afar by Grinder

Illustrated notes

Levels and vault maps discovered:
D:1:      grunt_arrival_lava_bath, layout_basic
D:2:      layout_loops_ring
D:3:      minmay_chambers_of_threes, layout_rooms, serial_shops, shop,
          chequers_ecumenical_altar_twisty, uniq_grinder

Skill      XL: |  1  2  3  4  5 |
---------------+----------------+-----
Ranged Weapons | 6 7 9 11 | 11.8
Fighting       | |  2.1
Dodging        | |  2.4
Stealth        | |  1.3

Action                   |  1- 3 |  4- 6 || total
-------------------------+-------+-------++-------
 Fire: Shortbow          |    92 |   152 ||   244
  Use: Scroll            |     2 |     6 ||     8
       Potion            |       |     2 ||     2
Armor: Leather armour    |     9 |    18 ||    27
Dodge: Dodged            |    43 |    61 ||   104

Table legend: (Time is in decaauts)
 A = Elapsed time spent in this place.
 B = Non-inter-level travel time spent in this place.
 C = Inter-level travel time spent in this place.
 D = Time resting spent in this place.
 E = Time spent auto-exploring this place.
 F = Levels seen in this place.
 G = Mean time per level.
                   A        B        C        D        E       F      G
               +--------+--------+--------+--------+--------+-----+--------+
         Total |   2513 |   2484 |     29 |    568 |   1476 |   3 |  837.7 |
       Dungeon |   2513 |   2484 |     29 |    568 |   1476 |   3 |  837.7 |
               +--------+--------+--------+--------+--------+-----+--------+

Top non-repeatable levels by time:
     D:2: 861 daAuts
     D:3: 831 daAuts
     D:1: 820 daAuts
